 Dungeon Crawl Stone Soup version 0.25-a0-310-g60f0ac2d9a (webtiles) character file.

Game seed: 12464737128070871045, levelgen mode: deterministic

186 Lanoc the Cutter (level 5, 0/36 HPs)
             Began as a Halfling Berserker on Dec 23, 2019.
             Was a Believer of Trog.
             Killed from afar by an orc wizard (10 damage)
             ... with a puff of flame
             ... on level 3 of the Dungeon.
             The game lasted 00:04:51 (2259 turns).

Lanoc the Cutter (Halfling Berserker)               Turns: 2259, Time: 00:04:51

Health: 0/36       AC:  2    Str: 18    XL:     5   Next: 98%
Magic:  5/5        EV: 16    Int:  5    God:    Trog [**....]
Gold:   167        SH:  0    Dex: 15    Spells: 4/4 levels left

rFire    . . .     SeeInvis .   a - +0 short sword
rCold    . . .     Gourm    .   (shield restricted)
rNeg     . . .     Faith    .   i - +0 animal skin
rPois    .         Spirit   .   (no helmet)
rElec    .         Reflect  .   (no cloak)
rCorr    .         Harm     .   (no gloves)
MR       .....                  (no boots)
Stlth    +.........             (no amulet)
HPRegen  0.12/turn              (no ring)
MPRegen  0.09/turn              (no ring)

@: no status effects
A: small, mutation resistance 1
a: Berserk, Trog's Hand, Renounce Religion


You were on level 3 of the Dungeon.
You worshipped Trog.
Trog was pleased with you.
You were near starving.

You visited 1 branch of the dungeon, and saw 3 of its levels.

You collected 167 gold pieces.

Inventory:

Hand Weapons
 a - a +0 short sword (weapon)
 b - a +2 hunting sling of velocity
Missiles
 j - 10 stones (quivered)
Armour
 i - a +0 animal skin (worn)
Scrolls
 e - a scroll of teleportation {unknown}
 f - 8 scrolls of identify {unknown}
 h - a scroll of amnesia {unknown}
 n - a scroll of blinking {unknown}
 p - a scroll of enchant armour {unknown}
Potions
 d - a potion of brilliance {unknown}
 g - 3 potions of flight {unknown}
 k - a potion of mutation {unknown}
 l - a potion of curing {unknown}
 m - a potion of lignification {unknown}
 o - a potion of might {unknown}
 q - a potion of haste {unknown}
Comestibles
 c - 6 rations


   Skills:
 + Level 3.4 Fighting
 - Level 4.1 Short Blades
 * Level 4.0 Slings
 + Level 3.3 Armour
 + Level 3.3 Dodging


You had 4 spell levels left.
You didn't know any spells.
Your spell library was empty.

Dungeon Overview and Level Annotations

Branches:
Dungeon (3/15)

Altars:
Fedhas
Xom


Innate Abilities, Weirdness & Mutations

You are small and have problems with some larger weapons.
You are somewhat resistant to further mutation.


Message History

Firing (i - inventory)
j - 12 stones (quivered)
Press: ? - help, Shift-Dir - straight line, f/p - orc wizard
Aim: an orc wizard, wielding a +0 dagger and wearing a +0 robe You shoot a stone.
You hear some strange, mumbled words.
A puff of flame appears from out of thin air!
The puff of flame hits you!
You are too injured to fight recklessly!
Firing (i - inventory)
j - 11 stones (quivered)
Press: ? - help, Shift-Dir - straight line, f/p - orc wizard
Aim: an orc wizard, wielding a +0 dagger and wearing a +0 robe You shoot a stone.
The stone hits the orc wizard.
The orc wizard is lightly wounded.
Something hits you.
* * * LOW HITPOINT WARNING * * *
a - a +0 short sword (weapon)
You hear some strange, mumbled words.
A puff of flame appears from out of thin air!
The puff of flame hits you!
You die...

### #.#
#################..
#.@................
#{###############.#
#.#####..)).......)
#o##....###########
#(##....#.........#
......(.##....#.#######.#
%#..((...........######.#
o.....(.................#
.....(.(..........#######


You could see an orc wizard.

Vanquished Creatures
  An orc wizard (D:3)
  An iguana (D:2)
  6 adders
  2 worms
  A dart slug (D:1)
  6 orcs (D:3)
  10 bats
  2 giant cockroaches (D:2)
  6 goblins
  8 hobgoblins
  5 jackals
  5 kobolds
  A ball python (D:1)
  5 frilled lizards
  6 rats
65 creatures vanquished.

Notes
Turn   | Place    | Note
-------+----------+-------------------------------------------
     0 | D:1      | Lanoc the Halfling Berserker began the quest for the Orb.
     0 | D:1      | Reached XP level 1. HP: 15/15 MP: 1/1
    90 | D:1      | Reached XP level 2. HP: 5/20 MP: 2/2
   540 | D:1      | Reached XP level 3. HP: 14/25 MP: 3/3
  1078 | D:2      | Reached skill level 1 in Slings
  1195 | D:2      | Reached XP level 4. HP: 19/31 MP: 4/4
  1272 | D:2      | Found a blossoming altar of Fedhas.
  1341 | D:2      | Reached ** piety under Trog
  1376 | D:2      | Reached XP level 5. HP: 33/36 MP: 5/5
  2055 | D:3      | Found a shimmering altar of Xom.
  2056 | D:3      | Found a shimmering altar of Xom.
  2064 | D:3      | Found a shimmering altar of Xom.
  2141 | D:3      | Found a shimmering altar of Xom.
  2259 | D:3      | Killed from afar by an orc wizard

Levels and vault maps discovered:
D:1:      scummos_arrival_simple_crosswalls, layout_loops_ring
D:2:      minmay_wonky_spiral, layout_rooms, lemuel_doored_altar,
          chequers_garden
D:3:      layout_basic, xom_redecorated, first_ration

Skill      XL: |  1  2  3  4  5 |
---------------+----------------+-----
Short Blades   | 4 |  4.1
Fighting       | 3 |  3.4
Slings         | 1 2 4 |  4.0
Armour         | 3 |  3.3
Dodging        | 3 |  3.3

Action                   |  1- 3 |  4- 6 || total
-------------------------+-------+-------++-------
Melee: Short sword       |    55 |     1 ||    56
 Fire: Hunting sling     |    39 |   109 ||   148
Invok: Berserk           |     3 |       ||     3
  Eat: Chunk             |     4 |     1 ||     5
Armor: Animal skin       |    10 |     4 ||    14
Dodge: Dodged            |    50 |    26 ||    76

Table legend:
 A = Non-vault XP
 B = Vault XP
 C = Vault XP percentage of total XP
 D = Non-vault monster count
 E = Vault monster count
 F = Vault count percentage of total count
                 A         B        C        D         E       F
            +---------+---------+-------+---------+---------+-------
      Total |     258 |       9 |   3.4 |      62 |       3 |   4.6
            +---------+---------+-------+---------+---------+-------
        D:1 |      30 |       0 |   0.0 |      18 |       0 |   0.0
        D:2 |     140 |       9 |   6.0 |      30 |       3 |   9.1
        D:3 |      88 |       0 |   0.0 |      14 |       0 |   0.0
            +---------+---------+-------+---------+---------+-------
